 Dungeon Crawl Stone Soup version 0.25-a0-516-g7d600cd (webtiles) character file.

Game seed: 13507198659071187075, levelgen mode: deterministic

35 wolfsongas the Covered (level 3, -2/31 HPs)
             Began as a Gnoll Wanderer on Feb 16, 2020.
             Killed from afar by Natasha (6 damage)
             ... with a magic dart
             ... on level 3 of the Dungeon.
             The game lasted 00:02:45 (1473 turns).

wolfsongas the Covered (Gnoll Wanderer)             Turns: 1473, Time: 00:02:45

Health: -2/31      AC:  9    Str: 15    XL:     3   Next: 33%
Magic:  4/4        EV:  7    Int: 15    God:
Gold:   97         SH:  0    Dex: 13    Spells: 3/3 levels left

rFire    . . .     SeeInvis .   i - +0 dagger
rCold    . . .     Gourm    .   (no shield)
rNeg     . . .     Faith    .   m - +0 chain mail
rPois    .         Spirit   .   (no helmet)
rElec    .         Reflect  .   (no cloak)
rCorr    .         Harm     .   (no gloves)
MR       .....                  (no boots)
Stlth    ..........             (no amulet)
HPRegen  0.10/turn              (no ring)
MPRegen  0.09/turn              (no ring)

@: slowed, very slow
A: distributed training, fangs 1, strong nose
a: no special abilities


You were on level 3 of the Dungeon.
You were not hungry.

You visited 1 branch of the dungeon, and saw 3 of its levels.

You collected 97 gold pieces.

Inventory:

Hand Weapons
 a - a +2 shortbow
 i - a +0 dagger (weapon)
Missiles
 b - 49 arrows
Armour
 m - a +0 chain mail (worn)
Scrolls
 j - 2 scrolls of remove curse
Potions
 c - 6 potions of curing
 d - a potion of lignification
 e - a potion of heal wounds {unknown}
 g - a potion of brilliance {unknown}
 k - a potion of agility {unknown}
Comestibles
 f - 7 rations
 l - 2 chunks of flesh


   Skills:
 + Level 4.5 Fighting
 + Level 2.6 Short Blades
 + Level 0.7 Long Blades
 + Level 0.7 Axes
 + Level 0.7 Maces & Flails
 + Level 0.7 Polearms
 + Level 0.7 Staves
 + Level 0.7 Slings
 + Level 4.5 Bows
 + Level 0.7 Crossbows
 + Level 2.6 Throwing
 + Level 4.5 Armour
 + Level 2.6 Dodging
 + Level 2.3 Stealth
 + Level 0.7 Shields
 + Level 0.7 Unarmed Combat
 + Level 0.7 Spellcasting
 + Level 0.5 Conjurations
 + Level 0.5 Hexes
 + Level 0.5 Charms
 + Level 0.5 Summonings
 + Level 0.5 Necromancy
 + Level 0.5 Translocations
 + Level 0.5 Transmutations
 + Level 0.5 Fire Magic
 + Level 0.5 Ice Magic
 + Level 0.5 Air Magic
 + Level 0.5 Earth Magic
 + Level 0.5 Poison Magic
 + Level 0.9 Invocations
 + Level 0.7 Evocations


You had 3 spell levels left.
You didn't know any spells.
Your spell library was empty.

Dungeon Overview and Level Annotations

Branches:
Dungeon (3/15)

Altars:
Elyvilon
Sif Muna
Trog
Wu Jian
Xom

Annotations:
D:3 Natasha


Innate Abilities, Weirdness & Mutations

Your experience applies equally to all skills.
You have very sharp teeth.
Your uncanny sense of smell can sniff out nearby items.


Message History

You feel yourself slow down.
You hit Natasha. Your bite misses Natasha.
Natasha is almost dead.
Natasha stares at you and mumbles some strange words.
The magic dart hits you but does no damage.
Natasha claws you but does no damage.
You barely miss Natasha.
Natasha is almost dead.
Natasha casts a spell at you. You resist with significant effort.
You hit Natasha but do no damage.
Natasha is almost dead.
Natasha claws you.
* * * LOW HITPOINT WARNING * * *
You barely miss Natasha.
Natasha is almost dead.
Natasha barely misses you. Natasha casts a spell at you.
The magic dart hits you.
You die...

#..##
#....
...###
....#
#.#.#
#<..#
#...#
#...#
#..@#
#..h#
#.#.#
#.#..
..#...
#.(....
#. ....
....#


You could see Natasha.

Vanquished Creatures
  A dart slug (D:1)
  A leopard gecko (D:1)
  A giant cockroach (D:2)
  5 goblins
  6 hobgoblins
  3 jackals (D:1)
  2 kobolds (D:1)
  4 bats (D:1)
  5 rats (D:1)
28 creatures vanquished.

Notes
Turn   | Place    | Note
-------+----------+-------------------------------------------
     0 | D:1      | wolfsongas the Gnoll Wanderer began the quest for the Orb.
     0 | D:1      | wolfsongas set off with the following items: a +2 shortbow,
                  | 28 arrows, a potion of curing, a potion of lignification, a
                  | +0 robe, a ration
     0 | D:1      | Reached XP level 1. HP: 20/20 MP: 1/1
    90 | D:1      | Reached XP level 2. HP: 26/26 MP: 2/2
   458 | D:1      | You fall into a shaft and drop 1 floor!
   581 | D:1      | Reached XP level 3. HP: 28/31 MP: 3/3
  1151 | D:2      | Found a shimmering altar of Xom.
  1153 | D:2      | Found a shimmering blue altar of Sif Muna.
  1153 | D:2      | Found a bloodstained altar of Trog.
  1155 | D:2      | Found a hide-covered altar of Uskayaw.
  1155 | D:2      | Found an ornate altar of the Wu Jian Council.
  1155 | D:2      | Found a white marble altar of Elyvilon.
  1445 | D:3      | Noticed Natasha
  1473 | D:3      | Killed from afar by Natasha

Levels and vault maps discovered:
D:1:      psy_arrival_whirlpool, layout_rooms
D:2:      layout_basic, first_ration, doesnt_xom_only_xom
D:3:      layout_basic, old_standard_altar, uniq_natasha

Action                   || total
-------------------------++-------
Melee: Dagger            ||   149
       Bite              ||    12
       Punch             ||     1
 Fire: Shortbow          ||    25
  Use: Scroll            ||     6
 Stab: Sleeping          ||     2
  Eat: Ration            ||     1
Armor: Robe              ||     4
       Leather armour    ||    30
       Chain mail        ||    10
Dodge: Dodged            ||    92

Table legend:
 A = Non-vault XP
 B = Vault XP
 C = Vault XP percentage of total XP
 D = Non-vault monster count
 E = Vault monster count
 F = Vault count percentage of total count
                 A         B        C        D         E       F
            +---------+---------+-------+---------+---------+-------
      Total |      50 |       0 |   0.0 |      28 |       0 |   0.0
            +---------+---------+-------+---------+---------+-------
        D:1 |      40 |       0 |   0.0 |      23 |       0 |   0.0
        D:2 |      10 |       0 |   0.0 |       5 |       0 |   0.0
            +---------+---------+-------+---------+---------+-------
